Map: Lightshade LE

Players

Serral - Winner!

  • Race: Zerg Zerg

Trap

  • Race: Protoss Protoss

Event: DreamHack SC2 Masters 2021 Fall

VOD

Have the link to the VOD?

Description

Time

  • Played on: Sept. 10, 2021, 11:12 a.m.
  • Length: 32:39

All games in this series

Show
View Real Time Build Order
Export as new Build Order

Serral Zerg - Winner!

Build Orders: Hatch First, Brood Lord Corruptor 

Get SALT Encoding   

  12  0:00  Drone  
  13  0:12  Overlord  
  13  0:17  Drone  
  14  0:30  Drone x2  
  16  0:38  Drone  
  17  0:51  Hatchery  
  17  0:54  Drone  
  17  0:57  Drone  
  18  1:09  Extractor  
  17  1:13  Spawning Pool  
  17  1:16  Drone  
  17  1:19  Drone  
  18  1:28  Drone  
  19  1:40  Drone  
  20  1:50  Overlord  
  20  2:00  Queen  
  22  2:03  Queen  
  22  2:04  Zergling x2  
  22  2:05  Zergling x2  
  26  2:11  Metabolic Boost, Drone  
  26  2:14  Drone  
  28  2:22  Drone  
  29  2:24  Drone  
  30  2:35  Queen  
  32  2:42  Hatchery  
  32  2:44  Drone  
  32  2:48  Drone  
  32  2:50  Overlord  
  33  2:54  Drone x2  
  33  2:57  Drone  
  36  3:04  Overlord  
  36  3:11  Queen  
  36  3:12  Drone x2  
  40  3:14  Drone  
  40  3:17  Zergling x2  
  40  3:18  Zergling x2  
  43  3:20  Zergling x2  
  43  3:22  Zergling x2  
  43  3:24  Zergling x2  
  46  3:27  Overlord  
  46  3:33  Queen  
  48  3:40  Overlord  
  47  3:48  Drone  
  47  3:49  Drone x4  
  47  3:53  Overlord  
  47  3:54  Drone x3  
  54  3:56  Drone  
  54  3:59  Spore Crawler  
  54  4:04  Spore Crawler, Drone  
  54  4:05  Drone  
  54  4:06  Drone  
  55  4:14  Drone x2  
  55  4:15  Drone x2  
  55  4:16  Drone  
  55  4:17  Drone  
  60  4:23  Drone  
  60  4:24  Queen  
  61  4:26  Drone x2  
  61  4:30  Overlord  
  67  4:31  Drone x2  
  67  4:35  Zergling x2  
  67  4:37  Zergling x2  
  70  4:38  Drone  
  70  4:41  Roach Warren  
  70  4:44  Spore Crawler, Lair  
  68  4:46  Extractor  
  68  4:47  Extractor  
  68  4:48  Zergling x2  
  68  4:49  Drone x2  
  68  4:52  Drone x2  
  71  4:54  Drone  
  71  4:59  Zergling x2  
  73  5:00  Drone x2, Evolution Chamber, Overlord  
  73  5:02  Drone  
  73  5:03  Drone  
  73  5:06  Drone x2  
  77  5:10  Overlord  
  77  5:14  Queen  
  77  5:15  Queen  
  77  5:16  Drone  
  77  5:18  Overlord  
  77  5:20  Zergling x2  
  82  5:22  Drone  
  82  5:25  Extractor  
  82  5:27  Drone x5  
  87  5:30  Extractor, Zerg Missile Weapons Level 1  
  87  5:34  Drone x4  
  90  5:40  Extractor  
  89  5:43  Hatchery  
  89  5:44  Overlord  
  89  5:46  Drone  
  89  5:49  Overseer  
  88  5:52  Glial Reconstitution  
  88  5:54  Zergling x6, Infestation Pit  
  88  5:56  Drone x2  
  92  6:01  Drone  
  92  6:02  Drone x2  
  95  6:06  Queen x2  
  95  6:09  Pneumatized Carapace  
  98  6:12  Overlord  
  98  6:14  Overlord  
  98  6:15  Drone x2  
  100  6:19  Drone x2  
  100  6:24  Spire  
  101  6:26  Drone x4  
  101  6:31  Roach  
  101  6:32  Roach x2  
  111  6:36  Drone x3  
  114  6:42  Extractor, Drone x5  
  114  6:46  Hive  
  118  6:49  Queen  
  118  6:52  Queen  
  118  6:53  Extractor  
  120  6:56  Overlord  
  120  6:58  Drone  
  120  6:59  Overlord  
  120  7:00  Roach  
  120  7:01  Roach  
  125  7:04  Roach x2  
  125  7:05  Roach  
  125  7:07  Overlord  
  131  7:08  Overlord  
  131  7:10  Overlord  
  131  7:12  Spore Crawler  
  132  7:15  Roach  
  132  7:16  Roach x2  
  132  7:21  Overlord  
  135  7:29  Drone x3  
  138  7:30  Baneling Nest  
  138  7:31  Zerg Ground Armor Level 1  
  138  7:34  Drone, Evolution Chamber  
  138  7:36  Roach x4  
  145  7:38  Overlord  
  145  7:43  Queen x3  
  151  7:56  Drone  
  151  7:57  Spine Crawler x2  
  150  8:00  Adrenal Glands  
  150  8:01  Greater Spire  
  150  8:02  Zerg Melee Weapons Level 1  
  150  8:06  Roach x3  
  150  8:07  Zergling x4  
  150  8:08  Zergling x6  
  159  8:13  Viper x2  
  159  8:15  Zergling x8, Roach x2  
  159  8:16  Zergling x4  
  173  8:20  Overlord  
  173  8:21  Overlord  
  173  8:22  Overseer  
  173  8:25  Centrifical Hooks  
  173  8:30  Baneling x4  
  179  8:35  Ravager x3  
  179  8:36  Ravager x2  
  179  8:37  Baneling x4  
  179  8:39  Corruptor x4  
  186  8:46  Corruptor  
  188  8:50  Spore Crawler  
  188  8:51  Spore Crawler x2  
  188  8:52  Drone x2  
  188  8:53  Drone  
  188  9:00  Spore Crawler  
  187  9:06  Spore Crawler  
  187  9:07  Spore Crawler  
  185  9:18  Brood Lord x4  
  185  9:20  Spore Crawler x2  
  185  9:21  Spore Crawler x2, Brood Lord  
  185  9:22  Hatchery  
  185  9:23  Corruptor  
  192  9:29  Overseer  
  192  9:34  Spore Crawler x2  
  192  9:35  Spore Crawler, Spine Crawler, Overlord  
  188  9:41  Spire  
  187  9:49  Spore Crawler, Corruptor x2  
  190  9:54  Brood Lord  
  190  9:58  Zerg Flyer Armor Level 1  
  192  10:06  Drone x3  
  196  10:07  Drone x2, Spine Crawler  
  196  10:08  Spine Crawler x2  
  196  10:11  Drone  
  196  10:13  Drone  
  196  10:15  Spore Crawler  
  196  10:17  Spore Crawler  
  196  10:18  Spore Crawler  
  190  10:21  Brood Lord x2  
  190  10:23  Overlord  
  194  10:33  Corruptor x2  
  198  10:40  Zerg Melee Weapons Level 2, Zerg Ground Armor Level 2  
  198  10:43  Overlord  
  198  10:44  Overseer  
  198  10:52  Overseer  
  198  10:56  Drone x2  
  200  10:57  Extractor  
  200  11:00  Extractor, Zerg Flyer Weapons Level 1, Ultralisk Cavern  
  200  11:01  Drone x3  
  200  11:10  Spore Crawler x2  
  198  11:11  Drone x2  
  198  11:15  Pathogen Glands  
  200  11:30  Spore Crawler x4  
  200  11:31  Corruptor x2  
  200  11:35  Spore Crawler  
  198  11:41  Drone x2  
  195  11:49  Drone x5  
  195  11:51  Chitinous Plating  
  195  11:53  Spore Crawler  
  195  11:54  Spore Crawler x2  
  195  11:56  Zerg Flyer Armor Level 2  
  195  11:58  Infestor  
  195  11:59  Corruptor  
  197  12:03  Corruptor  
  199  12:11  Drone  
  200  12:16  Overseer  
  200  12:18  Burrow  
  200  12:23  Overlord  
  195  12:39  Ultralisk  
  195  12:40  Overseer  
  199  13:10  Anabolic Synthesis  
  199  13:13  Overlord  
  199  13:15  Zerg Ground Armor Level 3, Zerg Melee Weapons Level 3  
  199  13:16  Zerg Flyer Weapons Level 2  
  199  13:30  Spine Crawler  
  199  13:31  Spine Crawler  
  199  13:33  Spine Crawler  
  196  13:35  Drone x4  
  196  13:38  Roach x10  
  196  13:40  Neural Parasite  
  198  14:04  Corruptor x3  
  198  14:05  Corruptor  
  196  14:11  Hatchery  
  196  14:15  Zerg Flyer Armor Level 3  
  196  14:16  Infestor x2  
  189  14:21  Ultralisk  
  195  14:24  Overlord  
  195  14:27  Overseer x3  
  195  14:28  Viper  
  195  14:29  Corruptor  
  200  14:39  Spore Crawler x3  
  200  14:40  Drone  
  200  14:41  Spore Crawler x2  
  200  14:42  Spore Crawler, Drone x4  
  200  14:43  Drone  
  200  15:36  Spore Crawler x2  
  200  15:38  Spore Crawler, Drone x2  
  197  15:51  Zerg Missile Weapons Level 2  
  195  15:59  Corruptor x3  
  196  16:22  Spore Crawler  
  196  16:23  Spore Crawler x2, Corruptor  
  196  16:24  Corruptor x2  
  196  16:25  Spore Crawler  
  198  16:26  Spore Crawler x3  
  198  16:27  Drone  
  198  16:32  Zerg Flyer Weapons Level 3  
  196  16:35  Zergling x8  
  200  16:48  Hatchery  
  199  16:56  Spore Crawler  
  199  16:59  Spore Crawler, Infestor  
  198  17:33  Overseer  
  198  17:37  Ultralisk  
  195  17:39  Overlord  
  195  17:40  Overlord  
  189  17:55  Spore Crawler  
  189  17:58  Spore Crawler  
  187  18:01  Ultralisk  
  199  18:10  Spore Crawler  
  192  18:13  Ultralisk  
  198  18:24  Hatchery  
  198  18:27  Corruptor x2  
  197  19:42  Corruptor  
  188  19:54  Infestor x6  
  194  20:04  Extractor  
  194  20:05  Drone x3  
  195  20:11  Zerg Missile Weapons Level 3  
  195  20:15  Corruptor x2  
  199  20:27  Spore Crawler  
  199  20:28  Spore Crawler, Hatchery  
  196  20:32  Infestor  
  196  20:33  Infestor x2  
  200  20:48  Overlord x2  
  200  20:49  Overlord  
  200  21:20  Overlord  
  200  21:22  Hatchery  
  197  21:26  Infestor  
  199  22:01  Overlord  
  199  22:12  Overlord  
  199  22:21  Ultralisk x2  
  199  22:31  Extractor  
  199  22:32  Extractor  
  199  22:36  Infestor x3  
  197  22:39  Infestor x2  
  197  22:40  Infestor x2  
  193  22:50  Corruptor x4  
  200  22:59  Overlord  
  200  23:04  Overlord  
  200  23:10  Infestor  
  200  23:16  Hatchery x2  
  192  23:27  Viper x2  
  198  23:35  Zergling x4  
  194  24:06  Corruptor x3  
  200  24:22  Hatchery  
  199  24:59  Zergling x2  
  200  25:05  Spore Crawler  
  200  25:06  Spine Crawler, Overlord  
  200  25:07  Spine Crawler  
  197  25:16  Spine Crawler  
  197  25:17  Corruptor x2  
  197  25:18  Spine Crawler  
  185  25:56  Corruptor x9  
  198  26:07  Infestor  
  197  26:15  Spine Crawler  
  196  26:46  Zergling x8  
  200  27:09  Extractor  
  200  27:14  Spore Crawler  
  200  27:15  Spore Crawler  
  189  27:19  Extractor  
  189  27:21  Brood Lord x5  
  193  27:25  Hatchery  
  193  27:27  Infestor x3  
  198  27:43  Spore Crawler  
  197  27:48  Overseer  
  197  27:59  Overseer x2  
  194  28:20  Infestor x2  
  196  28:41  Zergling x20  
  200  28:58  Zergling x12  
  200  29:02  Infestor  
  199  29:11  Lair  
  198  29:24  Zergling x6  
  196  29:40  Zergling x2  
  196  29:41  Zergling x4  
  186  30:04  Zergling x24  
  194  30:11  Zergling x12  
  125  30:59  Zergling x8, Infestor  
  125  31:00  Zergling x32  
  125  31:02  Brood Lord  
  125  31:03  Brood Lord x7  
  125  31:04  Brood Lord x2  
  159  31:05  Infestor  
  159  31:09  Zergling x2  
  159  31:10  Queen x5  
  166  31:12  Ultralisk x4  
  166  31:13  Ultralisk  
  179  31:31  Infestor x4  
  179  31:32  Infestor x2  
  190  31:41  Viper x3  
  190  31:43  Zergling x2  
  190  31:44  Zergling x4  
  195  31:53  Drone x16  
  187  31:57  Zergling x16  
  187  32:00  Infestor x2  
  190  32:08  Zergling x8  
  194  32:09  Hatchery  
  194  32:15  Overseer  
Show
View Real Time Build Order
Export as new Build Order

Trap Protoss 

Build Orders: 1 Gate Expand, Oracle Opening, Carriers, Zealot Archon 

Get SALT Encoding   

  12  0:00  Probe  
  13  0:14  Pylon  
  13  0:17  Probe (Chrono Boost)  
  14  0:27  Probe (Chrono Boost)  
  15  0:31  Probe (Chrono Boost)  
  16  0:41  Gateway  
  16  0:43  Probe  
  17  0:50  Assimilator  
  17  0:55  Probe  
  18  1:07  Probe  
  19  1:20  Probe  
  19  1:25  Nexus  
  20  1:35  Cybernetics Core  
  20  1:38  Probe  
  21  1:45  Assimilator  
  21  1:51  Probe  
  21  1:54  Pylon  
  22  2:02  Probe  
  23  2:09  Adept (Chrono Boost)  
  23  2:10  Probe  
  26  2:17  Stargate  
  26  2:18  Probe  
  27  2:27  Warp Gate  
  27  2:31  Probe (Chrono Boost)  
  27  2:33  Adept  
  30  2:37  Probe (Chrono Boost)  
  32  2:46  Probe x2 (Chrono Boost)  
  33  2:51  Probe (Chrono Boost)  
  33  2:53  Void Ray (Chrono Boost), Probe  
  35  3:04  Adept  
  41  3:06  Probe  
  41  3:08  Probe  
  43  3:15  Pylon  
  43  3:18  Probe  
  44  3:20  Probe  
  44  3:24  Gateway  
  45  3:32  Oracle (Chrono Boost)  
  48  3:37  Probe x2  
  50  3:53  Nexus  
  50  3:54  Pylon  
  48  3:56  Probe  
  48  3:57  Probe  
  48  4:06  Assimilator  
  48  4:08  Assimilator, Probe  
  48  4:09  Probe  
  50  4:18  Shield Battery  
  50  4:19  Adept x2  
  50  4:23  Probe  
  50  4:24  Probe  
  56  4:31  Stargate  
  56  4:33  Pylon  
  56  4:34  Protoss Air Weapons Level 1  
  56  4:36  Probe  
  56  4:38  Probe  
  58  4:41  Void Ray  
  58  4:51  Probe x2  
  64  4:54  Forge  
  64  4:58  Pylon  
  64  5:05  Probe x2 (Chrono Boost)  
  66  5:08  Probe (Chrono Boost)  
  66  5:14  Void Ray  
  67  5:18  Void Ray, Probe (Chrono Boost)  
  67  5:19  Probe x2 (Chrono Boost)  
  74  5:23  Probe (Chrono Boost)  
  81  5:30  Twilight Council  
  81  5:31  Probe x2 (Chrono Boost)  
  81  5:33  Protoss Ground Weapons Level 1 (Chrono Boost)  
  81  5:34  Shield Battery, Probe (Chrono Boost)  
  82  5:41  Probe (Chrono Boost)  
  82  5:42  Probe x2 (Chrono Boost)  
  85  5:44  Assimilator  
  85  5:47  Assimilator  
  85  5:48  Probe  
  86  5:50  Pylon  
  86  5:51  Probe x2  
  86  5:52  Void Ray  
  86  5:53  Robotics Facility  
  88  6:03  Pylon  
  92  6:06  Charge, Pylon  
  92  6:09  Probe x3  
  95  6:12  Void Ray  
  99  6:25  Gateway  
  99  6:27  Gateway  
  99  6:28  Gateway  
  99  6:30  Gateway  
  99  6:32  Probe x2  
  101  6:33  Probe  
  102  6:41  Robotics Facility, Robotics Bay  
  102  6:43  Observer, Zealot  
  102  6:44  Zealot  
  107  6:54  Gateway x2  
  107  6:55  Templar Archives  
  107  7:00  Photon Cannon  
  107  7:02  Pylon  
  107  7:03  Pylon  
  107  7:04  Shield Battery  
  107  7:11  Pylon  
  107  7:15  Nexus  
  107  7:25  Probe x2  
  107  7:26  Probe  
  107  7:27  Photon Cannon  
  110  7:31  Photon Cannon  
  110  7:32  Shield Battery  
  110  7:34  High Templar x2  
  110  7:36  Disruptor (Chrono Boost), Gateway x2  
  114  7:37  Disruptor (Chrono Boost)  
  114  7:42  Archon  
  120  7:46  Photon Cannon  
  120  7:47  Protoss Ground Weapons Level 2 (Chrono Boost)  
  120  7:49  Photon Cannon  
  120  7:56  Photon Cannon  
  117  8:02  Disruptor (Chrono Boost)  
  117  8:03  Warp Prism (Chrono Boost)  
  122  8:12  Photon Cannon  
  122  8:16  Stargate  
  122  8:21  Pylon  
  122  8:24  Zealot x4  
  130  8:30  Photon Cannon  
  130  8:31  Photon Cannon  
  130  8:34  Probe x4  
  134  8:42  High Templar x4, Zealot  
  134  8:43  Zealot  
  134  8:47  Archon  
  146  8:49  Immortal (Chrono Boost)  
  146  8:50  Archon  
  146  8:51  Disruptor (Chrono Boost)  
  153  9:01  Assimilator  
  153  9:02  Assimilator, Pylon  
  153  9:10  Fleet Beacon  
  152  9:28  Pylon  
  152  9:29  Zealot x2  
  152  9:31  Pylon  
  156  9:33  Pylon  
  156  9:37  Photon Cannon  
  156  9:39  Photon Cannon, Zealot  
  156  9:40  Zealot x3  
  156  9:41  Shield Battery  
  156  9:44  Zealot  
  166  9:52  Carrier x3 (Chrono Boost)  
  166  9:54  Protoss Ground Weapons Level 3 (Chrono Boost)  
  166  9:58  Immortal (Chrono Boost)  
  166  9:59  Observer (Chrono Boost)  
  189  10:14  Pylon  
  181  10:21  Immortal (Chrono Boost)  
  181  10:26  Protoss Air Weapons Level 2 (Chrono Boost)  
  181  10:27  Immortal (Chrono Boost)  
  181  10:28  Flux Vanes  
  189  10:40  Stalker x2  
  189  10:41  Mothership (Chrono Boost)  
  193  11:00  Nexus, Pylon  
  200  11:11  Psionic Storm  
  200  11:19  Gateway  
  200  11:20  Gateway  
  200  11:23  Gateway  
  200  11:24  Gateway  
  198  11:27  Gateway  
  198  11:30  Carrier x2 (Chrono Boost)  
  188  11:38  Carrier (Chrono Boost)  
  200  12:01  High Templar x4  
  194  12:02  Warp Prism  
  194  12:04  Gravitic Boosters  
  198  12:17  Pylon  
  198  12:25  Assimilator  
  198  12:26  Assimilator  
  198  12:27  Pylon  
  197  12:40  Protoss Shields Level 1 (Chrono Boost)  
  193  12:46  Photon Cannon  
  193  12:47  Zealot x3  
  193  12:50  Photon Cannon  
  199  12:52  Photon Cannon  
  199  12:53  Photon Cannon  
  199  12:55  Photon Cannon  
  199  12:56  Protoss Air Weapons Level 3 (Chrono Boost)  
  199  12:58  Photon Cannon  
  199  13:00  Photon Cannon  
  199  13:06  Observer  
  198  13:14  Observer  
  198  13:16  Gravitic Drive (Chrono Boost)  
  199  13:21  Nexus  
  199  13:22  Pylon  
  191  13:35  Dark Shrine  
  191  13:44  Stargate x2  
  191  13:45  Stargate  
  189  14:17  Pylon  
  189  14:20  Tempest x2  
  199  14:25  Nexus  
  197  14:38  Protoss Shields Level 2 (Chrono Boost)  
  197  14:50  Photon Cannon  
  197  14:51  Photon Cannon  
  197  14:53  Photon Cannon  
  197  14:55  Photon Cannon  
  197  14:56  Photon Cannon  
  197  14:57  Shield Battery  
  197  14:59  Shield Battery  
  197  15:03  Pylon  
  197  15:08  Assimilator  
  197  15:09  Assimilator  
  197  15:16  Photon Cannon  
  197  15:17  Photon Cannon  
  197  15:19  Photon Cannon  
  197  15:33  Protoss Air Armor Level 1 (Chrono Boost)  
  181  16:12  Zealot  
  181  16:13  Zealot x5  
  181  16:15  Photon Cannon  
  181  16:16  Photon Cannon  
  181  16:18  Photon Cannon  
  193  16:20  Tempest  
  189  16:49  Observer (Chrono Boost)  
  189  16:50  Observer (Chrono Boost)  
  189  16:51  Oracle x2  
  193  16:59  Dark Templar x3  
  199  17:05  Nexus  
  199  17:07  Pylon  
  199  17:19  Shadow Stride (Chrono Boost)  
  199  17:31  Observer  
  194  18:14  Protoss Shields Level 3 (Chrono Boost)  
  194  18:18  Dark Templar x2  
  196  18:32  Protoss Air Armor Level 2 (Chrono Boost)  
  196  18:38  Dark Templar  
  196  18:39  Dark Templar x3  
  181  18:51  Immortal x2 (Chrono Boost)  
  189  18:57  Pylon  
  181  19:13  Zealot x2  
  181  19:14  Zealot x7  
  168  19:53  Void Ray x2  
  162  20:02  Dark Templar x3  
  162  20:03  Dark Templar x4, Zealot  
  162  20:04  Zealot x7  
  196  20:38  Nexus, Protoss Ground Armor Level 1 (Chrono Boost), Pylon  
  196  20:46  Void Ray  
  200  21:04  Pylon  
  200  21:07  Assimilator  
  200  21:11  Assimilator  
  199  21:25  Archon x3  
  197  21:29  Void Ray x3 (Chrono Boost)  
  194  21:54  Pylon  
  193  21:56  High Templar x2  
  193  21:59  Mothership (Chrono Boost)  
  193  22:18  Protoss Air Armor Level 3  
  189  22:26  Pylon  
  189  22:29  Zealot x3  
  193  22:30  Zealot x3  
  193  22:31  Pylon  
  195  22:48  Void Ray (Chrono Boost)  
  195  22:49  Void Ray (Chrono Boost)  
  195  22:50  Void Ray (Chrono Boost)  
  199  22:56  Protoss Ground Armor Level 2 (Chrono Boost)  
  176  23:27  Blink  
  176  23:32  Void Ray x2  
  176  23:33  Void Ray x4  
  176  23:34  Zealot x5  
  194  23:45  Dark Templar  
  194  23:46  Dark Templar x3  
  199  23:51  High Templar x2  
  197  23:55  High Templar  
  197  23:57  High Templar  
  197  24:02  High Templar x2  
  193  24:12  Dark Templar x3  
  199  24:27  Photon Cannon  
  199  24:30  Archon x2  
  197  24:38  Photon Cannon  
  197  24:47  Void Ray x3  
  188  24:56  Void Ray  
  200  25:01  Immortal (Chrono Boost)  
  200  25:07  Pylon  
  200  25:11  Photon Cannon  
  200  25:12  Photon Cannon  
  199  25:47  Void Ray x2 (Chrono Boost)  
  199  25:48  Void Ray x2 (Chrono Boost)  
  183  25:52  Void Ray (Chrono Boost)  
  153  25:59  Zealot x7  
  153  26:00  Zealot x3  
  118  26:19  Stalker x7  
  118  26:20  Stalker x6  
  132  26:30  Immortal x2 (Chrono Boost)  
  132  26:32  Mothership (Chrono Boost)  
  126  26:34  Nexus  
  142  26:51  Stalker x2  
  142  26:52  Stalker x11  
  168  26:59  Immortal (Chrono Boost)  
  166  27:02  Observer (Chrono Boost)  
  157  27:21  High Templar  
  157  27:22  High Templar x4, Immortal (Chrono Boost)  
  163  27:25  Nexus  
  163  27:28  Immortal (Chrono Boost)  
  171  27:36  Dark Templar x2  
  171  27:37  Dark Templar x4  
  177  27:38  Dark Templar  
  177  27:39  Dark Templar  
  177  27:40  Archon  
  177  27:41  Archon x2  
  177  27:43  Archon  
  184  28:01  Observer (Chrono Boost)  
  184  28:03  Pylon  
  184  28:11  Observer  
  178  28:17  Stalker x10  
  178  28:18  Stalker  
  200  28:28  Photon Cannon  
  200  28:31  Photon Cannon  
  200  28:44  Nexus  
  193  29:06  Dark Templar x3  
  171  29:53  Archon x2  
  171  29:55  Stalker x5  
  171  29:56  Stalker x8  
  156  30:19  Stalker x6  
  156  30:20  Stalker x7  
  178  30:24  Observer  
  135  30:52  Stalker x4  
  135  30:53  Zealot x7  
  135  30:54  Zealot x2  
  103  31:31  Stalker x3  
  103  31:32  Zealot x4  
  111  31:38  Zealot x4  
  111  31:43  Zealot x2  
  105  31:53  Stalker  
  105  31:54  Zealot x2  
  94  31:55  Zealot x3  
  82  32:07  Assimilator  
  64  32:17  Stalker  

Tags
 
Add a new tag
Caveats
  • Supply blocks, unpowered buildings, or Contaminate may cause inaccurate times.
  • Supply counts are checked every 10 seconds.